TOP OF THE 1ST |
Hendersonville Hitmen batting - Pitching for Birmingham Steeldogs : RHP Jorge Salazar
|
Pitching: RHP Jorge Salazar
|
|
Batting: RHB Lonson Seals
|
0-0: SINGLE (Line Drive, 89S)
|
Batting: RHB Felipe Rivera
|
0-0: Called Strike 0-1: Foul Ball, location: 2F 0-2: Ball 1-2: Foul Ball, location: 2F 1-2: Ball 2-2: Foul Ball, location: 2F 2-2: Foul Ball, location: 2F 2-2: Fly out, F7 (Flyball, 7LSF)
|
Batting: SHB Tony López
|
0-0: Called Strike 0-1: Ball 1-1: Grounds into double play, 3-6-3 (Groundball, 34)
|
Top of the 1st over - 0 run(s), 1 hit(s), 0 error(s), 0 left on base; Hendersonville 0 - Birmingham 0 |
BOTTOM OF THE 1ST |
Birmingham Steeldogs batting - Pitching for Hendersonville Hitmen : RHP Tony Murillo
|
Pitching: RHP Tony Murillo
|
|
Batting: RHB Nick Webb
|
0-0: Foul Ball, location: 2F 0-1: Ground out 6-3 (Groundball, 6)
|
Batting: RHB Sixto Vélez
|
0-0: Called Strike 0-1: Foul Ball, location: 2F 0-2: Strikes out swinging
|
Batting: LHB José Hernández
|
0-0: Ball 1-0: Foul Ball, location: 2F 1-1: Ball 2-1: Foul Ball, location: 2F 2-2: Fly out, F7 (Flyball, 7LD)
|
Bottom of the 1st over - 0 run(s), 0 hit(s), 0 error(s), 0 left on base; Hendersonville 0 - Birmingham 0 |
TOP OF THE 2ND |
Hendersonville Hitmen batting - Pitching for Birmingham Steeldogs : RHP Jorge Salazar
|
Batting: LHB Tony Abete
|
0-0: Ball 1-0: SINGLE (Flyball, 7LS)
|
Batting: SHB David Johnstone
|
0-0: Ball 1-0: Fly out, F7 (Flyball, 7LS)
|
Batting: LHB Jerry Johnston
|
0-0: Ball 1-0: Foul Ball, location: 2F 1-1: Ball 2-1: Foul Ball, location: 2F 2-2: Foul Ball, location: 2F 2-2: Strikes out swinging
|
Batting: RHB Sugita Ito
|
0-0: DOUBLE (Flyball, 78D) Tony Abete to third Runner from 3rd tries for Home, SAFE, no throw
|
Pinch Runner at 2nd Robert Bly:
|
|
Batting: LHB Leonard Young
|
0-0: Ball 1-0: Swinging Strike 1-1: 2-RUN HOME RUN (Flyball, 89XD), Distance : 384 ft
|
Batting: RHB Jesús Cruz
|
0-0: Fly out, F8 (Flyball, 8RM)
|
Top of the 2nd over - 3 run(s), 3 hit(s), 0 error(s), 0 left on base; Hendersonville 3 - Birmingham 0 |
BOTTOM OF THE 2ND |
Birmingham Steeldogs batting - Pitching for Hendersonville Hitmen : RHP Tony Murillo
|
Now at SS: Robert Bly
|
|
Batting: RHB Valentín Borges
|
0-0: Ball 1-0: Ball 2-0: Ground out 4-3 (Groundball, 4S)
|
Batting: LHB José Martínez
|
0-0: Ball 1-0: Foul Ball, location: 2F 1-1: Ball 2-1: Called Strike 2-2: Ball 3-2: SINGLE (Groundball, 4) (infield hit)
|
Batting: RHB Yujiro Kurihara
|
0-0: Ball 1-0: Ball 2-0: Foul Ball, location: 2F 2-1: Swinging Strike 2-2: Foul Ball, location: 2F 2-2: Foul Ball, location: 2F 2-2: Foul Ball, location: 2F 2-2: Strikes out looking
|
Batting: RHB Eric Johnson
|
0-0: Ball 1-0: Ball 2-0: Foul Ball, location: 2F 2-1: Swinging Strike 2-2: Foul Ball, location: 2F 2-2: Ball 3-2: 2-RUN HOME RUN (Flyball, 78XD), Distance : 428 ft
|
Batting: RHB Carlos García
|
0-0: Swinging Strike 0-1: Called Strike 0-2: Strikes out looking
|
Bottom of the 2nd over - 2 run(s), 2 hit(s), 0 error(s), 0 left on base; Hendersonville 3 - Birmingham 2 |
TOP OF THE 3RD |
Hendersonville Hitmen batting - Pitching for Birmingham Steeldogs : RHP Jorge Salazar
|
Batting: RHB Lonson Seals
|
0-0: Called Strike 0-1: Hit by Pitch
|
Batting: RHB Felipe Rivera
|
0-0: Ball Lonson Seals steals 2nd base 1-0: Foul Ball, location: 2F 1-1: Swinging Strike 1-2: Ball 2-2: Strikes out swinging
|
Batting: SHB Tony López
|
0-0: Ball 1-0: Fly out, F7 (Flyball, 7S)
|
Batting: LHB Tony Abete
|
0-0: Swinging Strike 0-1: Ball 1-1: Called Strike 1-2: Strikes out looking
|
Top of the 3rd over - 0 run(s), 0 hit(s), 0 error(s), 1 left on base; Hendersonville 3 - Birmingham 2 |
BOTTOM OF THE 3RD |
Birmingham Steeldogs batting - Pitching for Hendersonville Hitmen : RHP Tony Murillo
|
Batting: RHB José Carlos Caraballo
|
0-0: Ball 1-0: Ball 2-0: Fly out, F9 (Flyball, 9LMF)
|
Batting: RHB Nick Webb
|
0-0: Ball 1-0: SINGLE (Groundball, 34D)
|
Batting: RHB Sixto Vélez
|
0-0: Ball Nick Webb steals 2nd base 1-0: DOUBLE (Line Drive, 7D) Nick Webb scores
|
Batting: LHB José Hernández
|
0-0: Ball 1-0: Called Strike 1-1: Ground out 5-3 (Groundball, 5L)
|
Batting: RHB Valentín Borges
|
0-0: Called Strike 0-1: Swinging Strike 0-2: Ball 1-2: Ball 2-2: Ground out 4-3 (Groundball, 4)
|
Bottom of the 3rd over - 1 run(s), 2 hit(s), 0 error(s), 1 left on base; Hendersonville 3 - Birmingham 3 |
TOP OF THE 4TH |
Hendersonville Hitmen batting - Pitching for Birmingham Steeldogs : RHP Jorge Salazar
|
Batting: SHB David Johnstone
|
0-0: Swinging Strike 0-1: SINGLE (Flyball, 7S)
|
Batting: LHB Jerry Johnston
|
0-0: Called Strike 0-1: Ball 1-1: Ball 2-1: Ball 3-1: Foul Ball, location: 2F 3-2: Foul Ball, location: 2F 3-2: Base on Balls David Johnstone to second
|
Batting: RHB Robert Bly
|
0-0: Ball 1-0: Fly out, F8 (Flyball, 8LXD) Runner from 2nd tags up, SAFE at 3rd, no throw
|
Batting: LHB Leonard Young
|
0-0: Ground out U3 (Groundball, 3) David Johnstone scores Jerry Johnston to second
|
Batting: RHB Jesús Cruz
|
0-0: Ball 1-0: Ball 2-0: Ball 3-0: Called Strike 3-1: Fly out, F8 (Flyball, 8RD)
|
Top of the 4th over - 1 run(s), 1 hit(s), 0 error(s), 1 left on base; Hendersonville 4 - Birmingham 3 |
BOTTOM OF THE 4TH |
Birmingham Steeldogs batting - Pitching for Hendersonville Hitmen : RHP Tony Murillo
|
Batting: LHB José Martínez
|
0-0: SINGLE (Line Drive, 89S)
|
Batting: RHB Yujiro Kurihara
|
Pickoff Throw to First - Out! 0-0: Swinging Strike 0-1: Ball 1-1: Ball 2-1: Ball 3-1: Fly out, F8 (Flyball, 8RS)
|
Batting: RHB Eric Johnson
|
0-0: Called Strike 0-1: Ball 1-1: Ball 2-1: Foul Ball, location: 2F 2-2: Foul Ball, location: 2F 2-2: Ball 3-2: Fly out, F8 (Flyball, 8RS)
|
Bottom of the 4th over - 0 run(s), 1 hit(s), 0 error(s), 0 left on base; Hendersonville 4 - Birmingham 3 |
TOP OF THE 5TH |
Hendersonville Hitmen batting - Pitching for Birmingham Steeldogs : RHP Jorge Salazar
|
Batting: RHB Lonson Seals
|
0-0: Ball 1-0: Fly out, F9 (Flyball, 9S)
|
Batting: RHB Felipe Rivera
|
0-0: Called Strike 0-1: Ball 1-1: Ground out 6-3 (Groundball, 6)
|
Batting: SHB Tony López
|
0-0: Called Strike 0-1: Ball 1-1: Called Strike 1-2: SINGLE (Groundball, 4D)
|
Batting: LHB Tony Abete
|
0-0: Ball 1-0: Foul Ball, location: 2F 1-1: Fly out, F7 (Flyball, 78S)
|
Top of the 5th over - 0 run(s), 1 hit(s), 0 error(s), 1 left on base; Hendersonville 4 - Birmingham 3 |
BOTTOM OF THE 5TH |
Birmingham Steeldogs batting - Pitching for Hendersonville Hitmen : RHP Tony Murillo
|
Batting: RHB Carlos García
|
0-0: Ball 1-0: Ball 2-0: Ball 3-0: Called Strike 3-1: Base on Balls
|
Batting: RHB José Carlos Caraballo
|
0-0: Ball 1-0: Fly out, F5 (Popup, 56D)
|
Batting: RHB Nick Webb
|
0-0: Called Strike 0-1: Ball 1-1: Called Strike 1-2: Ball Carlos García is caught stealing 2nd base 2-2: Ball 3-2: Foul Ball, location: 2F 3-2: Ground out 6-3 (Groundball, 56)
|
Bottom of the 5th over - 0 run(s), 0 hit(s), 0 error(s), 0 left on base; Hendersonville 4 - Birmingham 3 |
TOP OF THE 6TH |
Hendersonville Hitmen batting - Pitching for Birmingham Steeldogs : RHP Jorge Salazar
|
Batting: SHB David Johnstone
|
0-0: Ball 1-0: Called Strike 1-1: Called Strike 1-2: Foul Ball, location: 2F 1-2: Ball 2-2: Strikes out swinging
|
Batting: LHB Jerry Johnston
|
0-0: Ball 1-0: Called Strike 1-1: Ball 2-1: Swinging Strike 2-2: Strikes out looking
|
Batting: RHB Robert Bly
|
0-0: Ball 1-0: Ball 2-0: Called Strike 2-1: Called Strike 2-2: Ball 3-2: Base on Balls
|
Batting: LHB Leonard Young
|
0-0: Ball 1-0: DOUBLE (Flyball, 78D) Robert Bly to third Runner from 3rd tries for Home, SAFE, throw made home
|
Pitching: RHP Craig Draper
|
|
Batting: RHB Jesús Cruz
|
0-0: Called Strike 0-1: Ball 1-1: TRIPLE (Flyball, 89M) Leonard Young scores
|
Batting: RHB Lonson Seals
|
0-0: Swinging Strike 0-1: Ball 1-1: Swinging Strike 1-2: Foul Ball, location: 2F 1-2: Ball 2-2: Foul Ball, location: 2F 2-2: Ball 3-2: Foul Ball, location: 2F 3-2: Foul Ball, location: 2F 3-2: Fly out, F8 (Flyball, 8LM)
|
Top of the 6th over - 2 run(s), 2 hit(s), 0 error(s), 1 left on base; Hendersonville 6 - Birmingham 3 |
BOTTOM OF THE 6TH |
Birmingham Steeldogs batting - Pitching for Hendersonville Hitmen : RHP Tony Murillo
|
Batting: RHB Sixto Vélez
|
0-0: Swinging Strike 0-1: Ball 1-1: Called Strike 1-2: Foul Ball, location: 2F 1-2: Foul Ball, location: 2F 1-2: Ball 2-2: Foul Ball, location: 2F 2-2: Ground out 4-3 (Groundball, 4M)
|
Batting: LHB José Hernández
|
0-0: Called Strike 0-1: Ball 1-1: Ball 2-1: SINGLE (Line Drive, 8RS)
|
Pitching: RHP Jorge Pérez
|
|
Batting: RHB Valentín Borges
|
0-0: Called Strike 0-1: Called Strike 0-2: Foul Ball, location: 2F 0-2: Grounds into double play, 5-4-3 (Groundball, 5)
|
Bottom of the 6th over - 0 run(s), 1 hit(s), 0 error(s), 0 left on base; Hendersonville 6 - Birmingham 3 |
TOP OF THE 7TH |
Hendersonville Hitmen batting - Pitching for Birmingham Steeldogs : RHP Craig Draper
|
Batting: RHB Felipe Rivera
|
0-0: Fly out, F9 (Flyball, 9)
|
Batting: SHB Tony López
|
0-0: Ball 1-0: Ball 2-0: Ground out 6-3 (Groundball, 6)
|
Batting: LHB Tony Abete
|
0-0: Foul Ball, location: 2F 0-1: Ball 1-1: Ball 2-1: Swinging Strike 2-2: Ground out 3-1 (Groundball, 34)
|
Top of the 7th over - 0 run(s), 0 hit(s), 0 error(s), 0 left on base; Hendersonville 6 - Birmingham 3 |
BOTTOM OF THE 7TH |
Birmingham Steeldogs batting - Pitching for Hendersonville Hitmen : RHP Jorge Pérez
|
Batting: LHB José Martínez
|
0-0: Called Strike 0-1: Ball 1-1: DOUBLE (Line Drive, 9LM)
|
Batting: RHB Yujiro Kurihara
|
0-0: Called Strike 0-1: Ball 1-1: Ball 2-1: Called Strike 2-2: Ball 3-2: Fly out, F9 (Flyball, 89M)
|
Batting: RHB Eric Johnson
|
0-0: SINGLE (Groundball, 34D) José Martínez to third Runner from 3rd tries for Home, SAFE, throw made home Eric Johnson to second
|
Batting: RHB Carlos García
|
0-0: Ball 1-0: Ball 2-0: Foul Ball, location: 2F 2-1: Ball 3-1: DOUBLE (Flyball, 89D) Eric Johnson scores
|
Pitching: RHP Eric Love
|
|
Batting: RHB José Carlos Caraballo
|
0-0: Ball 1-0: Ball Carlos García steals 3rd base 2-0: Fly out, F8 (Flyball, 8RD) Runner from 3rd tags up, SCORES, no throw
|
Batting: RHB Nick Webb
|
0-0: Foul Ball, location: 2F 0-1: Called Strike 0-2: Ball 1-2: Fly out, F8 (Flyball, 78M)
|
Bottom of the 7th over - 3 run(s), 3 hit(s), 0 error(s), 0 left on base; Hendersonville 6 - Birmingham 6 |
TOP OF THE 8TH |
Hendersonville Hitmen batting - Pitching for Birmingham Steeldogs : RHP Craig Draper
|
Batting: SHB David Johnstone
|
0-0: Called Strike 0-1: Foul Ball, location: 2F 0-2: Ball 1-2: Strikes out looking
|
Batting: LHB Jerry Johnston
|
0-0: Foul Ball, location: 2F 0-1: Ground out 4-3 (Groundball, 4M)
|
Batting: RHB Robert Bly
|
0-0: Ball 1-0: Ground out 5-3 (Groundball, 5S)
|
Top of the 8th over - 0 run(s), 0 hit(s), 0 error(s), 0 left on base; Hendersonville 6 - Birmingham 6 |
BOTTOM OF THE 8TH |
Birmingham Steeldogs batting - Pitching for Hendersonville Hitmen : RHP Eric Love
|
Pinch Hitting: LHB Ashley Pickhills
|
0-0: Called Strike 0-1: Foul Ball, location: 2F 0-2: Foul Ball, location: 2F 0-2: Ball 1-2: Foul Ball, location: 2F 1-2: Ground out 6-3 (Groundball, 6)
|
Batting: LHB José Hernández
|
0-0: Fly out, F9 (Flyball, 9LM)
|
Batting: RHB Valentín Borges
|
0-0: Called Strike 0-1: SINGLE (Flyball, 8LS)
|
Batting: LHB José Martínez
|
0-0: Called Strike 0-1: 2-RUN HOME RUN (Flyball, 9LD), Distance : 367 ft
|
Pitching: RHP Juan Nieto
|
|
Batting: RHB Yujiro Kurihara
|
0-0: Ball 1-0: Reached via error on a dropped throw, E1
|
Batting: RHB Eric Johnson
|
0-0: Ball Yujiro Kurihara steals 2nd base 1-0: Swinging Strike 1-1: Foul Ball, location: 2F 1-2: Strikes out swinging
|
Bottom of the 8th over - 2 run(s), 2 hit(s), 1 error(s), 1 left on base; Hendersonville 6 - Birmingham 8 |
TOP OF THE 9TH |
Hendersonville Hitmen batting - Pitching for Birmingham Steeldogs : RHP Craig Draper
|
Pitching: RHP Stanley Briggs
|
|
Now at SS: Theron Harper
|
|
Batting: LHB Leonard Young
|
0-0: Called Strike 0-1: Called Strike 0-2: Strikes out swinging
|
Batting: RHB Jesús Cruz
|
0-0: Fly out, F9 (Flyball, 9LMF)
|
Batting: RHB Lonson Seals
|
0-0: Ball 1-0: Ball 2-0: Foul Ball, location: 2F 2-1: Foul Ball, location: 2F 2-2: Strikes out looking
|
Top of the 9th over - 0 run(s), 0 hit(s), 0 error(s), 0 left on base; Hendersonville 6 - Birmingham 8 |
|